 Dungeon Crawl Stone Soup version 0.19.0-17-g07987d3 (webtiles) character file.

496 LORDOFBUTT the Shield-Bearer (level 7, -6/52 HPs)
             Began as a Formicid Fighter on Nov 11, 2016.
             Killed by divine providence
             ... invoked by an orc priest
              (9 damage)
             ... on level 5 of the Dungeon.
             The game lasted 00:03:30 (3798 turns).

LORDOFBUTT the Shield-Bearer (Formicid Fighter)     Turns: 3798, Time: 00:03:31

Health: -6/52      AC:  7    Str: 22    XL:     7   Next: 38%
Magic:  7/7        EV:  9    Int:  8    God:
Gold:   311        SH: 10    Dex: 10    Spells: 0 memorised, 6 levels left

rFire  . . .     SeeInvis +     a - +0 war axe
rCold  . . .     Gourm    .     b - +0 scale mail
rNeg   . . .     Faith    .     c - +0 shield
rPois  .         Spirit   .     (helmet unavailable)
rElec  .         Reflect  .     (no cloak)
rCorr  .         Harm     .     (no gloves)
MR     .....                    (no boots)
Stlth  ..........               (no amulet)
                                (no ring)
                                (no ring)

@: no status effects
A: permanent stasis, dig shafts and tunnels, four strong arms, antennae 3
a: Dig, Shaft Self


You were on level 5 of the Dungeon.
You were hungry.

You visited 1 branch of the dungeon, and saw 5 of its levels.

You collected 311 gold pieces.

Inventory:

Hand Weapons
 a - a +0 war axe (weapon)
Armour
 b - a +0 scale mail (worn)
 c - a +0 shield (worn)
Jewellery
 j - an uncursed amulet of the gourmand {unknown}
Scrolls
 d - a scroll of amnesia {unknown}
 g - 4 scrolls of identify {unknown}
 h - 2 scrolls of fear {unknown}
 i - 2 scrolls of teleportation {unknown}
 t - 4 scrolls of remove curse {unknown}
Potions
 e - a potion of heal wounds
 l - a potion of berserk rage {unknown}
 m - a potion of haste {unknown}
 n - a potion of brilliance {unknown}
 q - 2 potions of curing {unknown}
 r - 2 potions of lignification {unknown}
 u - a potion of cure mutation {unknown}
Books
 o - a book of Minor Magic

   Spells                             Type                      Level
   a - Magic Dart                     Conjuration                  1
   b - Blink                          Translocation                2
   c - Call Imp                       Summoning                    2
   d - Repel Missiles                 Charms/Air                   2
   e - Slow                           Hexes                        2
   f - Conjure Flame                  Conjuration/Fire             3
   g - Mephitic Cloud                 Conjuration/Poison/Air       3
Comestibles
 f - 3 bread rations
 k - 3 meat rations


   Skills:
 - Level 3.2 Fighting
 * Level 5.1 Axes
 + Level 4.7 Armour
 * Level 6.5 Shields


You had 6 spell levels left.
You didn't know any spells.

Dungeon Overview and Level Annotations

Branches:
Dungeon (5/15)
 Temple: D:4-7

Altars:
Kikubaaqudgha
Makhleb
Yredelemnul


Innate Abilities, Weirdness & Mutations

You are under a permanent stasis effect.
You can dig through walls and to a lower floor.
Your four strong arms can wield two-handed weapons with a shield.
You have a pair of large antennae on your head. (SInv)


Message History

The orc priest barely misses you.
You hit the orc priest but do no damage.
The orc priest is almost dead.
You closely miss the orc wizard. You block the orc wizard's attack.
The orc priest invokes the aid of Beogh against you.
Pain shoots through your body!
* * * LOW HITPOINT WARNING * * *
Unknown command.
You barely miss the orc priest.
The orc priest is almost dead.
You hit the orc wizard but do no damage.
You block the orc wizard's attack. The orc priest hits you.
* * * LOW HITPOINT WARNING * * *
Unknown command.
Your shield and scale mail prevent you from hitting the orc priest.
The orc priest is almost dead.
You closely miss the orc wizard. You block the orc wizard's attack.
The orc priest invokes the aid of Beogh against you.
Beogh smites you!
You die...

#>.......................
#......####.#############
#.#.......#.#
#.#.#...#.#.#
#.#.......#.#
#.#####.###.# #.......#
#.. ######..######
#.....o@o...#
#.......)...#
####..####### #.. #.. ###


You could see an orc priest and an orc wizard.

Vanquished Creatures
  Edmund (D:4)
  A human zombie (D:4)
  Jessica (D:2)
  2 worker ants (D:4)
  Natasha (thrice) (D:4)
  An iguana (D:4)
  8 adders
  5 worms
  2 dart slugs (D:1)
  3 leopard geckos
  8 orcs
  7 bats
  2 giant cockroaches
  7 goblins
  10 hobgoblins
  8 jackals
  2 quokkas
  2 ball pythons (D:3)
  2 frilled lizards (D:1)
  6 kobolds
  13 rats
94 creatures vanquished.

Notes
Turn   | Place    | Note
-------+----------+-------------------------------------------
     0 | D:1      | LORDOFBUTT the Formicid Fighter began the quest for the Orb.
     0 | D:1      | Reached XP level 1. HP: 18/18 MP: 1/1
   205 | D:1      | Reached XP level 2. HP: 20/24 MP: 2/2
   587 | D:1      | Reached XP level 3. HP: 24/29 MP: 3/3
   996 | D:2      | Reached skill level 4 in Shields
   996 | D:2      | Reached XP level 4. HP: 14/35 MP: 4/4
  1306 | D:2      | Found an ancient bone altar of Kikubaaqudgha.
  1712 | D:2      | Noticed Jessica
  1730 | D:2      | Killed Jessica
  1730 | D:2      | Reached XP level 5. HP: 18/41 MP: 5/5
  2333 | D:3      | Reached skill level 5 in Shields
  2379 | D:3      | Found a burning altar of Makhleb.
  2551 | D:4      | Noticed Natasha
  2556 | D:4      | Killed Natasha
  2556 | D:4      | Reached XP level 6. HP: 34/47 MP: 6/6
  2859 | D:4      | Noticed Natasha
  2865 | D:4      | Killed Natasha
  2874 | D:4      | Noticed Edmund
  3110 | D:4      | Killed Edmund
  3110 | D:4      | Reached skill level 6 in Shields
  3110 | D:4      | Reached XP level 7. HP: 39/52 MP: 7/7
  3205 | D:4      | Noticed Natasha
  3213 | D:4      | Killed Natasha
  3239 | D:4      | Reached skill level 5 in Axes
  3254 | D:4      | Noticed a human
  3255 | D:4      | Found a runed door.
  3257 | D:4      | Found a basalt altar of Yredelemnul.
  3681 | D:5      | Entered Level 5 of the Dungeon
  3798 | D:5      | Killed from afar by an orc priest

Skill      XL: |  1  2  3  4  5  6  7 |
---------------+----------------------+-----
Axes           | 3 4 5 |  5.1
Shields        | 4 5 6 |  6.5
Armour         | 4 |  4.7
Fighting       | |  3.2

Action                   |  1- 3 |  4- 6 |  7- 9 || total
-------------------------+-------+-------+-------++-------
Melee: War axe           |    88 |   194 |    54 ||   336
  Use: Potion            |       |     2 |       ||     2
  Eat: Meat ration       |       |     1 |       ||     1
       Chunk             |       |     1 |       ||     1
       Pizza             |       |     1 |       ||     1
       Beef jerky        |       |     1 |       ||     1
Armor: Scale mail        |    51 |    65 |    15 ||   131
Dodge: Dodged            |    35 |    58 |    11 ||   104
Block: Shield            |    44 |   101 |    33 ||   178
